Unix NetHack Version 3.7.0-97 Work-in-progress - last build Jan 28 2024 15:41:29 (157cf090cb53e479d994ec1a4552202481ff9585,branch:master). Game began 2024-01-30 17:34:15, ended 2024-01-31 12:33:51. youngster, lawful female human Knight ----- ------- |...------ --|.....| |........| |.+.....| |........| |-|.....|-- -------.---- |.+.....+.| |.0....[0.-- |-|.....|.| |..........| |.+.....|.| |.....*....| --|.....|.| -----.-------- ------|.| |............| |.| |...*....*...| |.| --------.----| |.| |..%........| |.| |......E0...| |.| -------.------ |.| |.......----------------.| |>.......%..........^^^^.| -------------------------- Youngster the Bachelor St:18 Dx:11 Co:15 In:7 Wi:14 Ch:17 Lawful Dlvl:4 $:37 HP:0(51) Pw:67(67) AC:-11 Xp:8/2252 T:10927 Satiated Latest messages: Pick an object. a an ant or other insect (giant beetle) You caitiff! You kill the giant beetle! You see here a mummy wrapping. GRAPEFRUIT drops a mummy wrapping. GRAPEFRUIT picks up a mummy wrapping. GRAPEFRUIT drops a mummy wrapping. GRAPEFRUIT picks up a mummy wrapping. You can't go up here. You descend the stairs. There is a staircase up to level 4 here. You see here an uncursed bag containing 44 items. GRAPEFRUIT drops a mummy wrapping. You climb up the stairs. With great effort you move the boulder. With great effort you move the boulder. You see here 23 rocks. You see here 37 rocks. You hear a monster behind the boulder. Perhaps that's why you cannot move it. You hear a monster behind the boulder. Perhaps that's why you cannot move it. You hear a monster behind the boulder. Perhaps that's why you cannot move it. You hear a monster behind the boulder. Perhaps that's why you cannot move it. You hear a monster behind the boulder. Perhaps that's why you cannot move it. The air elemental engulfs you! You are pummeled with debris! You are pummeled with debris! You are pummeled with debris! You hit the air elemental. You are pummeled with debris! You are pummeled with debris! You are pummeled with debris! You hit the air elemental. You are pummeled with debris! You get expelled! The air elemental misses! The air elemental hits! With great effort you move the boulder. The air elemental misses! The air elemental misses! The air elemental hits! The air elemental engulfs you! You are pummeled with debris! You are pummeled with debris! You die... Inventory: Coins ('$') $ - 37 gold pieces Weapons (')') t - an uncursed +0 aklys named telecld a - the blessed rustproof +1 Excalibur (weapon in right hand) Armor ('[') H - an uncursed rusty +0 dwarvish iron helm (being worn) G - an uncursed +0 pair of leather gloves (being worn) f - a blessed +2 pair of elven boots S - an uncursed +0 pair of water walking boots (being worn) B - an uncursed +0 small shield (being worn) C - an uncursed +0 leather cloak (being worn) A - a blessed greased +2 green dragon scale mail named FUSK META DSMs (being worn) Comestibles ('%') w - 2 uncursed slime mold. You die...'s h - 4 uncursed carrots y - 5 uncursed food rations J - 2 uncursed tripe rations Scrolls ('?') L - an uncursed scroll of amnesia k - an uncursed scroll of blank paper j - an uncursed scroll of taming p - 2 uncursed scrolls of teleportation Rings ('=') E - a cursed ring of fire resistance D - an uncursed ring of free action d - an uncursed ring of regeneration i - an uncursed ring of stealth Wands ('/') s - an uncursed wand of cancellation (0:3) F - an uncursed wand of locking (0:3) g - an uncursed wand of magic missile named empty (0:0) q - an uncursed wand of striking (0:3) b - an uncursed wand of undead turning (0:7) o - an uncursed wand of undead turning (0:7) c - an uncursed wand of undead turning (0:5) Tools ('(') v - an uncursed magic whistle l - a blessed oil lamp x - an uncursed +0 pick-axe named !c e - an uncursed skeleton key Youngster the Knight's attributes: Background: You were a Bachelor, a level 8 female human Knight. You were lawful, on a mission for Lugh who was opposed by Brigit (neutral) and Manannan Mac Lir (chaotic). You were right-handed. You were in Sokoban, on level 4. You entered the dungeon 10927 turns ago. You had 2252 experience points, 308 more were needed to attain level 9. Basics: You had 0 out of 51 hit points. You had all 67 energy points (spell power). Your armor class was -11. Your wallet contained 37 zorkmids. Autopickup was on for '$?!"=/*' plus thrown, with exceptions. Final Characteristics: Your strength was 18 (limit:18/100). Your dexterity was 11 (limit:18). Your constitution was 15 (limit:18). Your intelligence was 7 (limit:18). Your wisdom was 14 (peak:15, limit:18). Your charisma was 17 (limit:18). Final Status: You were engulfed by the air elemental. You were satiated. You were unencumbered. You were wielding a long sword. You had expert skill with long sword. Final Attributes: You were piously aligned. You were cold resistant. You were poison resistant. You were level-drain resistant. You were immune to sickness. You were telepathic. You had automatic searching. You could jump. You could walk on water. You had a small defense bonus (+5). You were warded. You were fast. You were unlucky. You are dead. Miscellaneous: You never encountered a bones level. Total elapsed playing time was 3 hours, 15 minutes and 19 seconds. Major events: Turn 1: youngster the lawful female human Knight entered the dungeon 385: entered the Gnomish Mines 1449: reached Mine Town 1730: attained the rank of Esquire (level 3) 3322: made her first wish - "blessed greased fixed +2 green dragon scale mail named FUSK META DSMs", got "a greased green dragon scale mail named FUSK META DSMs" 4923: attained the rank of Bachelor (level 6) 6862: entered Sokoban 7043: endured an absurd aquatic ceremony, and now wields Excalibur 8630: completed 1st Sokoban level 9402: completed 2nd Sokoban level 9894: completed 3rd Sokoban level 10927: killed by an air elemental Vanquished creatures: 2 giant mimics a flesh golem a large mimic a small mimic a sasquatch a large cat a gargoyle a tengu an elf mummy a python 3 giant beetles a quivering blob 2 wolves a leprechaun a giant spider a baby long worm 2 orc mummies a dingo 3 jaguars a dust vortex a plains centaur a gnome mummy 4 water moccasins 4 apes a rope golem a Woodland-elf a wood nymph a mountain nymph an Uruk-hai an orc shaman 2 rock piercers 2 ponies 2 fog clouds 2 yellow lights 3 shriekers 5 gnome leaders 2 gnomish wizards a paper golem 8 giant ants 2 little dogs 4 floating eyes 4 dwarves 4 homunculi 2 kobold shamans 19 hill orcs 2 rothes 2 monkeys 3 dwarf zombies a wererat a werejackal 7 iguanas 3 acid blobs 2 coyotes a gas spore 10 manes a large kobold a hobgoblin 6 giant rats 2 cave spiders a yellow mold a red mold 29 gnomes 7 garter snakes a gnome zombie 4 geckos 12 jackals a fox 2 kobolds 5 goblins a sewer rat 12 grid bugs 4 bats 4 lichens 4 kobold zombies 10 newts 245 creatures vanquished. No species were genocided or became extinct. Voluntary challenges: You read items or engraved 13 times. You engraved Elbereth 7 times. You never genocided any monsters. You never polymorphed an object. You never changed form. You used 1 wish. You did not wish for any artifacts. You violated the special Sokoban rules thrice. Achievements: You entered the Gnomish Mines. You entered a shop. You entered Minetown. You entered a temple. You attained the rank of Esquire. You attained the rank of Bachelor. You entered Sokoban. The Dungeons of Doom: levels 1 to 9 Level 1: Level 2: A general store. Stairs down to The Gnomish Mines. Level 3: "trapped chest + goodie armour stash" Level 4: Level 5: Level 6: "barz" A sink. Level 7: A fountain. Oracle of Delphi. Level 8: An altar to Lugh, a sink, a grave. Stairs up to Sokoban, level 7. Level 9: The Gnomish Mines: levels 3 to 5 Level 3: Level 4: Level 5: A shop, a temple and an altar to Lugh, some fountains. Sokoban: levels 7 up to 4 Level 4: <- You were here. Unsolved. Final resting place for you, killed by an air elemental. Level 5: Solved. Level 6: Solved. Level 7: Solved. Game over: ---------- / \ / REST \ / IN \ / PEACE \ / \ | youngster | | 37 Au | | killed by an air | | elemental | | | | | | 2024 | *| * * * | * _________)/\\_//(\/(/\)/\//\/|_)_______ Fare thee well youngster the Knight... You died in Sokoban on dungeon level 4 with 9502 points, and 37 pieces of gold, after 10927 moves. You were level 8 with a maximum of 51 hit points when you died.